 Dungeon Crawl Stone Soup version 0.31-a0-1042-ga9834b393d (webtiles) character file.

Game seed: 10994376944401904793

2858 night the Ruffian (level 9, 0/92 HPs)
             Began as a Troll Hunter on Nov 20, 2023.
             Slain by Joseph
             ... wielding a +0 quarterstaff
              (3 damage)
             ... on level 7 of the Dungeon.
             The game lasted 00:10:18 (5373 turns).

night the Ruffian (Troll Hunter)                    Turns: 5373, Time: 00:10:18

Health: 0/92       AC:  8    Str: 23    XL:     9   Next: 47%
Magic:  8/8        EV: 10    Int: 11    God:
Gold:   316        SH:  0    Dex: 15    Spells: 8/8 levels left

rFire   . .          .
                       - Unarmed
rCold   . . .        (no shield)
rNeg    . . .        C - +0 steam dragon scales
rPois   +            u - +1 hat
rElec   .            (no cloak)
rCorr   .            (gloves unavailable)
SInv    .            (boots unavailable)
Will    .....        (no amulet)
Stlth   +            E - ring of poison resistance
HPRegen 1.15/turn    q - +6 ring of intelligence
MPRegen 0.11/turn

%: no passive effects
@: no status effects
A: large, unfitting armour, claws 3, regeneration 1, shaggy fur 1, tough skin 1
a: no special abilities


You were on level 7 of the Dungeon.
You visited 1 branch of the dungeon, and saw 7 of its levels.

You collected 316 gold pieces.

Inventory:

Hand Weapons
 a - a +0 shortbow
 m - a +0 sling
Missiles
 e - 42 stones
 l - 4 poisoned darts
 n - 17 boomerangs
 o - 3 atropa-tipped darts
 x - 2 javelins
Armour
 c - a +0 robe
 u - a +1 hat (worn)
 C - +0 steam dragon scales (worn)
 D - a +0 kite shield
Jewellery
 q - a +6 ring of intelligence (right claw)
 E - a ring of poison resistance (left claw)
Wands
 v - a wand of paralysis (13)
 y - a wand of flame (25)
Scrolls
 b - a scroll of butterflies
 d - 2 scrolls of identify {unknown}
 i - 2 scrolls of teleportation {unknown}
 j - 3 scrolls of enchant armour {unknown}
 p - a scroll of poison {unknown}
 s - a scroll of noise {unknown}
 t - 2 scrolls of immolation
 A - a scroll of fear {unknown}
 F - a scroll of amnesia {unknown}
Potions
 f - 2 potions of enlightenment {unknown}
 g - 3 potions of curing {unknown}
 h - a potion of heal wounds {unknown}
 k - a potion of resistance {unknown}
 r - a potion of invisibility {unknown}
 w - a potion of berserk rage {unknown}
 z - a potion of might {unknown}
 B - a potion of lignification {unknown}


   Skills:
 + Level 6.6 Fighting
 + Level 5.9 Ranged Weapons
 - Level 1.5 Dodging
 - Level 0.3 Stealth
 + Level 7.4 Unarmed Combat


You had 8 spell levels left.
You didn't know any spells.
Your spell library contained the following spells:

 Spells                   Type           Power      Damage    Failure   Level
 Apportation              Tloc           0%         N/A       34%         1
 Magic Dart               Conj           0%         1d3       34%         1
 Sandblast                Erth           0%         2d4       34%         1
 Summon Small Mammal      Summ           0%         N/A       34%         1
 Scorch                   Fire           0%         2d5       47%         2
 Call Canine Familiar     Summ           0%         N/A       71%         3
 Ozocubu's Armour         Ice            0%         N/A       71%         3
 Summon Guardian Golem    Hex/Summ       0%         N/A       71%         3
 Tukima's Dance           Hex            0%         N/A       71%         3
 Flame Wave               Conj/Fire      0%         2d4       98%         4
 Passage of Golubria      Tloc           0%         N/A       98%         4
 Metabolic Englaciation   Hex/Ice        0%         N/A       100%        5
 Yara's Violent Unravell  Hex/Tmut       0%         3d3       100%        5
 Simulacrum               Ice/Necr       0%         N/A       100%        6
 Summon Cactus Giant      Summ           0%         N/A       100%        6


Dungeon Overview and Level Annotations

Branches:
Dungeon (7/15)
 Temple: D:4-7

Altars:
Fedhas
Okawaru
Yredelemnul

Shops:
D:2 !   D:4 :   D:6 [

Annotations:
D:7 Joseph


Innate Abilities, Weirdness & Mutations

You are too large for most types of armour.
You have claws for hands.
Your natural rate of healing is unusually fast.
You are covered in fur. (AC +1)
You have tough skin. (AC +1)


Message History

Things that are here:
a +0 dagger; a +0 robe; a +0 club You claw Joseph! x2
Joseph is moderately wounded.
The kobold brigand hits you but does no damage.
The kobold brigand hits you with a +0 club.
Joseph hits you with a +0 quarterstaff!
You mangle Joseph!!
Joseph is heavily wounded.
The kobold brigand hits you but does no damage.
Joseph hits you with a +0 quarterstaff!
The kobold brigand hits you but does no damage.
You scratch Joseph.
Joseph is severely wounded.
The kobold brigand hits you but does no damage.
The kobold brigand hits you with a +0 club.
Joseph hits you with a +0 quarterstaff!
You scratch Joseph.
Joseph is severely wounded.
The kobold brigand hits you but does no damage. x2
Joseph hits you with a +0 quarterstaff!
You claw Joseph!
Joseph is almost dead.
The kobold brigand hits you but does no damage.
The kobold brigand hits you with a +0 club.
Joseph hits you with a +0 quarterstaff!
* * * LOW HITPOINT WARNING * * *
You scratch Joseph but do no damage.
Joseph is almost dead.
The kobold brigand hits you with a +2 dagger of venom.
* * * LOW HITPOINT WARNING * * *
The kobold brigand hits you but does no damage.
Joseph hits you with a +0 quarterstaff!
* * * LOW HITPOINT WARNING * * *
You completely miss Joseph.
Joseph is almost dead.
The kobold brigand hits you with a +2 dagger of venom!
* * * LOW HITPOINT WARNING * * *
The kobold brigand closely misses you. Joseph hits you with a +0 quarterstaff.
You die...

..# ## # ... .
#. #.. .
##.##.# .#
..#.?...##.##..
......KKK......
#...@KK..#
#@#####..#
#..<.....#
########.#


You could see Joseph, 4 kobold brigands and a kobold.

Vanquished Creatures
  Pikel (D:5)
  A kobold demonologist (D:7)
  Grinder (D:5)
  A steam dragon (D:6)
  Edmund (D:5)
  Menkaure (D:5)
  A water moccasin (D:4)
  A sky beast (D:6)
  An ice beast (D:6)
  An orc warrior (D:6)
  4 lemures (D:5)
  2 ogres (D:5)
  A gnoll sergeant (D:6)
  4 scorpions
  3 hounds
  4 orc priests
  3 jellies (D:5)
  A sleepcap (D:6)
  6 iguanas
  An orc wizard (D:6)
  8 gnolls
  11 adders
  A white imp (D:6)
  2 worms (D:3)
  3 dart slugs
  23 orcs
  6 endoplasms
  4 giant cockroaches
  5 goblins
  7 hobgoblins
  2 jackals (D:3)
  6 quokkas
  13 ball pythons
  4 bats
  A frilled lizard (D:1)
  11 kobolds
  3 rats
149 creatures vanquished.

Notes
Turn   | Place    | Note
-------+----------+-------------------------------------------
     0 | D:1      | night the Troll Hunter began the quest for the Orb.
     0 | D:1      | Reached XP level 1. HP: 19/19 MP: 0/0
   226 | D:1      | Reached skill level 1 in Unarmed Combat
   226 | D:1      | Reached XP level 2. HP: 23/28 MP: 1/1
   227 | D:1      | Reached skill level 2 in Fighting
   615 | D:1      | Reached XP level 3. HP: 35/35 MP: 2/2
  1038 | D:2      | Found Gupnenat's Distillery.
  1201 | D:2      | Reached XP level 4. HP: 44/44 MP: 3/3
  1358 | D:2      | Reached skill level 2 in Unarmed Combat
  1702 | D:3      | Found a faded altar of an unknown god.
  2135 | D:3      | Reached XP level 5. HP: 47/52 MP: 4/4
  2533 | D:4      | Got Camog's Hermit's Heritage for Initiates
  2560 | D:4      | Reached skill level 3 in Unarmed Combat
  2635 | D:4      | Reached XP level 6. HP: 33/61 MP: 5/5
  2891 | D:4      | Found Voag's Tremendous Tomes.
  2939 | D:4      | Noticed a water moccasin
  2978 | D:4      | Killed a water moccasin
  3233 | D:4      | Reached skill level 4 in Unarmed Combat
  3233 | D:4      | Reached XP level 7. HP: 41/68 MP: 6/6
  3323 | D:4      | Found an iron altar of Okawaru.
  3323 | D:4      | Found a blossoming altar of Fedhas.
  3324 | D:4      | Found a basalt altar of Yredelemnul.
  3332 | D:4      | Identified the -1 cloak of the Present {Harm Regen+ rCorr
                  | Dex-2}
  3421 | D:5      | Entered Level 5 of the Dungeon
  3703 | D:5      | Noticed Pikel
  3781 | D:5      | Killed Pikel
  3782 | D:5      | Reached skill level 5 in Unarmed Combat
  3782 | D:5      | Reached XP level 8. HP: 43/79 MP: 7/7
  4052 | D:5      | Reached skill level 5 in Fighting
  4122 | D:5      | Noticed Grinder
  4129 | D:5      | Paralysed by Grinder for 2 turns
  4141 | D:5      | Killed Grinder
  4142 | D:5      | Reached skill level 5 in Ranged Weapons
  4277 | D:5      | Noticed Menkaure
  4286 | D:5      | Killed Menkaure
  4286 | D:5      | Noticed Edmund
  4287 | D:5      | Reached skill level 6 in Unarmed Combat
  4298 | D:5      | Killed Edmund
  4625 | D:6      | Reached XP level 9. HP: 79/89 MP: 8/8
  4938 | D:6      | Reached skill level 7 in Unarmed Combat
  4991 | D:6      | Found Reah's Antique Armour Shoppe.
  5358 | D:7      | Noticed Joseph
  5360 | D:7      | Noticed a kobold demonologist
  5365 | D:7      | Killed a kobold demonologist
  5372 | D:7      | HP: 10/92 [Joseph/+0 quarterstaff (10)]
  5373 | D:7      | HP: 3/92 [kobold brigand/+2 dagger of venom (8)]
  5373 | D:7      | Slain by Joseph

Illustrated notes

Levels and vault maps discovered:
D:1:      elethiomel_arrival_maze, layout_basic
D:2:      layout_basic, serial_shops, nicolae_shop_industrial_runoff,
          minmay_close_crescents
D:3:      layout_basic, nicolae_ecumenical_oubliette, small_statue_intersection
D:4:      layout_basic, gammafunk_temple_overflow_claw,
          nicolae_shop_i_like_big_books, kennysheep_generic_room_4
D:5:      layout_loops_ring, kennysheep_big_empty_room, kennysheep_another_room,
          uniq_pikel, uniq_edmund, uniq_grinder, uniq_menkaure
D:6:      layout_basic, serial_shops, nicolae_shop_stone
D:7:      layout_loops_cross, minmay_temple_entry_nine_rooms,
          nicolae_twisty_statue_hallways, uniq_crazy_yiuf_cottage, uniq_joseph

Skill      XL: |  1  2  3  4  5  6  7  8  9 |
---------------+----------------------------+-----
Unarmed Combat | 1 2 3 4 5 6 7 |  7.4
Fighting       | 2 3 4 5 6 |  6.6
Ranged Weapons | 3 4 5 |  5.9
Dodging        | |  1.5
Stealth        | |  0.3

Action                     |  1- 3 |  4- 6 |  7- 9 || total
---------------------------+-------+-------+-------++-------
  Melee: Unarmed           |    14 |   109 |   186 ||   309
         Punch             |     1 |     4 |    11 ||    16
   Fire: Shortbow          |    75 |   131 |   110 ||   316
    Use: Scroll            |     1 |       |       ||     1
   Stab: Sleeping          |       |     3 |     1 ||     4
 Armour: Robe              |    28 |   126 |   104 ||   258
         Steam dragon scal |       |       |    67 ||    67
  Dodge: Dodged            |    30 |    85 |    88 ||   203

Table legend: (Time is in decaauts)
 A = Elapsed time spent in this place.
 B = Non-inter-level travel time spent in this place.
 C = Inter-level travel time spent in this place.
 D = Time resting spent in this place.
 E = Time spent auto-exploring this place.
 F = Levels seen in this place.
 G = Mean time per level.
                   A        B        C        D        E       F      G
               +--------+--------+--------+--------+--------+-----+--------+
         Total |   5389 |   5144 |    245 |    138 |   3849 |   7 |  769.9 |
       Dungeon |   5389 |   5144 |    245 |    138 |   3849 |   7 |  769.9 |
               +--------+--------+--------+--------+--------+-----+--------+

Top non-repeatable levels by time:
     D:5: 1200 daAuts
     D:1: 1009 daAuts
     D:4: 916 daAuts
     D:3: 772 daAuts
     D:2: 750 daAuts
     D:6: 726 daAuts
     D:7: 13 daAuts
